 Dungeon Crawl Stone Soup version 0.27.1-16-g815e20cd7a (webtiles) character file.

Game seed: 2011877404680370264

72 zeram the Sneak (level 4, -2/32 HPs)
             Began as a Gnoll Enchanter on Nov 22, 2021.
             Slain by an orc (5 damage)
             ... on level 3 of the Dungeon.
             The game lasted 00:05:30 (4081 turns).

zeram the Sneak (Gnoll Enchanter)                   Turns: 4081, Time: 00:05:31

Health: -2/32      AC:  4    Str:  8    XL:     4   Next: 25%
Magic:  11/11      EV: 13    Int: 15    God:
Gold:   94         SH:  0    Dex: 12    Spells: 1/13 levels left

rFire    . . .     SeeInvis .   a - +1 dagger
rCold    . . .     Faith    .   (no shield)
rNeg     . . .     Spirit   .   b - +0 robe
rPois    .         Reflect  .   (no helmet)
rElec    .         Harm     .   f - +0 cloak
rCorr    .         Rampage  .   (no gloves)
Will     .....                  c - +0 pair of boots
Stlth    +++.......             (no amulet)
HPRegen  0.10/turn              (no ring)
MPRegen  0.12/turn              (no ring)

@: brilliant
A: fangs 1, strong nose, distributed training
a: no special abilities


You were on level 3 of the Dungeon.
You visited 1 branch of the dungeon, and saw 3 of its levels.

You collected 94 gold pieces.

Inventory:

Hand Weapons
 a - a +1 dagger (weapon)
Armour
 b - a +0 robe (worn)
 c - a +0 pair of boots (worn)
 f - a +0 cloak (worn)
Scrolls
 e - a scroll of magic mapping {unknown}
Potions
 g - a potion of heal wounds {unknown}
 h - a potion of mutation {unknown}


   Skills:
 + Level 1.1 Fighting
 + Level 2.7 Short Blades
 + Level 1.1 Long Blades
 + Level 1.1 Axes
 + Level 1.1 Maces & Flails
 + Level 1.1 Polearms
 + Level 1.1 Staves
 + Level 1.1 Slings
 + Level 1.1 Bows
 + Level 1.1 Crossbows
 + Level 1.1 Throwing
 + Level 1.1 Armour
 + Level 4.6 Dodging
 + Level 6.0 Stealth
 + Level 1.1 Shields
 + Level 1.1 Unarmed Combat
 + Level 5.0 Spellcasting
 + Level 0.8 Conjurations
 + Level 5.4 Hexes
 + Level 0.8 Summonings
 + Level 0.8 Necromancy
 + Level 0.8 Translocations
 + Level 0.8 Transmutations
 + Level 0.8 Fire Magic
 + Level 0.8 Ice Magic
 + Level 0.8 Air Magic
 + Level 0.8 Earth Magic
 + Level 0.8 Poison Magic
 + Level 1.2 Invocations
 + Level 1.1 Evocations


You had one spell level left.
You knew the following spells:

 Your Spells              Type           Power      Damage    Failure   Level
a - Tukima's Dance        Hex            30%        N/A       4%          3
b - Ensorcelled Hibernat  Hex/Ice        40%        N/A       7%          2
c - Blink                 Tloc           N/A        N/A       17%         2
d - Searing Ray           Conj           18%        3d3       17%         2
e - Vampiric Draining     Necr           4%         2d6       34%         3

Your spell library contained the following spells:

 Spells                   Type           Power      Damage    Failure   Level
 Corona                   Hex            33%        N/A       1%          1
 Animate Skeleton         Necr           18%        N/A       12%         1
 Apportation              Tloc           18%        N/A       12%         1
 Magic Dart               Conj           36%        1d4       12%         1
 Pain                     Necr           36%        1d5       12%         1
 Confusing Touch          Hex            30%        N/A       4%          3
 Dazzling Flash           Conj/Hex       40%        N/A       13%         3
 Gell's Gravitas          Tloc           4%         N/A       34%         3
 Lesser Beckoning         Tloc           4%         N/A       34%         3
 Stone Arrow              Conj/Erth      18%        3d8       34%         3
 Teleport Other           Tloc           9%         N/A       34%         3
 Fulminant Prism          Conj/Hex       10%        3d9       41%         4
 Animate Armour           Summ/Erth      18%        N/A       75%         4
 Invisibility             Hex            15%        N/A       95%         6
 Alistair's Intoxication  Tmut/Pois      6%         N/A       97%         5
 Bolt of Magma            Conj/Fire/Erth 4%         4d5       97%         5
 Manifold Assault         Tloc           9%         N/A       97%         5
 Storm Form               Tmut/Air       4%         N/A       100%        7
 Lehudib's Crystal Spear  Conj/Erth      4%         10d3      100%        8
 Shatter                  Erth           4%         3d8*      100%        9


Dungeon Overview and Level Annotations

Branches:
Dungeon (3/15)

Altars:

Shops:
D:2 *


Innate Abilities, Weirdness & Mutations

You have very sharp teeth.
Your uncanny sense of smell can sniff out nearby items.
Your experience applies equally to all skills.


Message History

The orc closely misses you.
You feel better. The orc barely misses you. The orc priest closely misses you.
Okay, then.
The orc closely misses you. x2
The orc priest calls upon Beogh to heal the orc priest.
The orc priest's wounds heal themselves!
The orc closely misses you. The orc hits you but does no damage.
You feel better. The orc hits you with a +0 falchion.
The orc priest casts a cantrip, but nothing happens.
You see here a fizzy purple potion.
There is a stone staircase leading down here.
Really walk into that teleport trap?
You enter a teleport trap!
The teleport trap disappears.
Your surroundings suddenly seem different.
d - a fizzy purple potion An orc is nearby!
The orc shouts!
The orc priest shouts!
The orc shouts! x2
The orc closely misses you.
You hit the orc but do no damage. The orc misses you.
The orc priest hits you from afar with a +0 trident!
The orc barely misses you. The orc priest barely misses you.
You completely miss the orc priest.
You bite the orc priest, but do no damage.
The orc barely misses you. x2; The orc hits you with a +0 whip.
The orc priest completely misses you.
You hit the orc priest.
The orc priest is lightly wounded.
The orc hits you with a +0 falchion. The orc hits you but does no damage.
The orc hits you with a +0 whip.
The orc priest hits you with a +0 trident.
* * * LOW HITPOINT WARNING * * *
Unknown command.
It was a potion of brilliance.
You feel clever all of a sudden. The orc hits you with a +0 falchion.
* * * LOW HITPOINT WARNING * * *
The orc hits you with a +0 whip.
You die...

.....##..# #.#
.....##..# #.#
.....##..# #.#
.....##..# #.#
.....###.# #.#
.(...#
########.######
.....#
#..........#
.....#
#..........#
.....#
#....o@....#
.....#
#....ooo...#
######
#..........#
#..........#
#..........#
#..........#
#..........#
############


You could see an orc priest and 3 orcs.

Vanquished Creatures
  3 adders (D:2)
  2 dart slugs (D:2)
  An orc (D:3)
  2 bats
  4 endoplasms
  5 giant cockroaches
  A goblin (D:1)
  4 hobgoblins
  A quokka (D:3)
  4 ball pythons
  A frilled lizard (D:2)
  5 kobolds
  5 rats
38 creatures vanquished.

Notes
Turn   | Place    | Note
-------+----------+-------------------------------------------
     0 | D:1      | zeram the Gnoll Enchanter began the quest for the Orb.
     0 | D:1      | Reached XP level 1. HP: 13/13 MP: 6/6
   486 | D:1      | Reached XP level 2. HP: 19/19 MP: 7/7
   542 | D:1      | Learned a level 2 spell: Ensorcelled Hibernation
   545 | D:1      | Learned a level 2 spell: Blink
   719 | D:1      | Learned a level 2 spell: Searing Ray
  1392 | D:2      | Found Uheit's Assorted Antiques.
  1716 | D:1      | Reached XP level 3. HP: 6/25 MP: 5/9
  2236 | D:2      | Reached skill level 5 in Spellcasting
  2361 | D:2      | Found a faded altar of an unknown god.
  2447 | D:2      | Learned a level 3 spell: Tukima's Dance
  2653 | D:2      | Reached skill level 6 in Stealth
  2837 | D:2      | Reached skill level 1 in Invocations
  3172 | D:2      | Reached skill level 1 in Fighting
  3172 | D:2      | Reached skill level 1 in Long Blades
  3172 | D:2      | Reached skill level 1 in Axes
  3172 | D:2      | Reached skill level 1 in Maces & Flails
  3172 | D:2      | Reached skill level 1 in Polearms
  3172 | D:2      | Reached skill level 1 in Staves
  3172 | D:2      | Reached skill level 1 in Slings
  3172 | D:2      | Reached skill level 1 in Bows
  3172 | D:2      | Reached skill level 1 in Crossbows
  3172 | D:2      | Reached skill level 1 in Throwing
  3172 | D:2      | Reached skill level 1 in Armour
  3172 | D:2      | Reached skill level 1 in Shields
  3172 | D:2      | Reached skill level 1 in Unarmed Combat
  3172 | D:2      | Reached skill level 1 in Evocations
  3172 | D:2      | Reached XP level 4. HP: 8/32 MP: 11/11
  3664 | D:3      | Learned a level 3 spell: Vampiric Draining
  4081 | D:3      | Slain by an orc

Illustrated notes

Levels and vault maps discovered:
D:1:      evilmike_arrival_crescent, layout_loops_corners, minivault_14
D:2:      layout_basic, serial_shops, shop, chequers_ecumenical_altar_grove,
          small_statue_intersection
D:3:      layout_rooms, uniq_sigmund

Skill      XL: |  1  2  3 |
---------------+----------+-----
Spellcasting   | 5 |  5.0
Stealth        | 6 |  6.0
Invocations    | 1 |  1.2
Fighting       | 1 |  1.1
Long Blades    | 1 |  1.1
Axes           | 1 |  1.1
Maces & Flails | 1 |  1.1
Polearms       | 1 |  1.1
Staves         | 1 |  1.1
Slings         | 1 |  1.1
Bows           | 1 |  1.1
Crossbows      | 1 |  1.1
Throwing       | 1 |  1.1
Armour         | 1 |  1.1
Shields        | 1 |  1.1
Unarmed Combat | 1 |  1.1
Evocations     | 1 |  1.1
Short Blades   | |  2.7
Dodging        | |  4.6
Conjurations   | |  0.8
Hexes          | |  5.4
Summonings     | |  0.8
Necromancy     | |  0.8
Translocations | |  0.8
Transmutations | |  0.8
Fire Magic     | |  0.8
Ice Magic      | |  0.8
Air Magic      | |  0.8
Earth Magic    | |  0.8
Poison Magic   | |  0.8

Action                   |  1- 3 |  4- 6 || total
-------------------------+-------+-------++-------
Melee: Dagger            |   152 |    58 ||   210
       Bite              |    13 |     3 ||    16
 Cast: Ensorcelled Hiber |    15 |       ||    15
  Use: Scroll            |     3 |       ||     3
       Potion            |     1 |     3 ||     4
 Stab: Sleeping          |    16 |     3 ||    19
Armor: Robe              |    22 |    12 ||    34
Dodge: Dodged            |    87 |    42 ||   129
